 Dungeon Crawl Stone Soup version 0.27.0-1-g7a089689b8 (webtiles) character file.

Game seed: 5378012627948021873

11 Fv001 the Caller (level 2, 0/19 HPs)
             Began as a Barachi Summoner on Aug 6, 2021.
             Succumbed to an adder's poison
             ... on level 2 of the Dungeon.
             The game lasted 00:03:36 (1739 turns).

Fv001 the Caller (Barachi Summoner)                 Turns: 1739, Time: 00:03:37

Health: 0/19       AC:  2    Str:  9    XL:     2   Next: 29%
Magic:  1/5        EV: 12    Int: 15    God:
Gold:   55         SH:  0    Dex: 12    Spells: 3/6 levels left

rFire    . . .     SeeInvis .   a - +0 trident
rCold    . . .     Faith    .   (no shield)
rNeg     . . .     Spirit   .   f - +0 robe
rPois    .         Reflect  .   (no helmet)
rElec    .         Harm     .   (no cloak)
rCorr    .         Rampage  .   (no gloves)
Will     .....                  (no boots)
Stlth    ++........             (no amulet)
HPRegen  0.06/turn              (no ring)
MPRegen  0.09/turn              (no ring)

@: lethally poisoned (0 -> -4), very slightly contaminated, hasted, invisible,
quick
A: amphibious, slowness 1, strong legs 1, +LOS
a: Hop


You were on level 2 of the Dungeon.
You visited 1 branch of the dungeon, and saw 2 of its levels.

You collected 55 gold pieces.

Inventory:

Hand Weapons
 a - a +0 trident (weapon)
 b - a +0 dagger
Armour
 d - a +0 ring mail
 f - a +0 robe (worn)


   Skills:
 + Level 2.3 Dodging
 + Level 1.7 Stealth
 + Level 2.5 Spellcasting
 + Level 5.2 Summonings


You had 3 spell levels left.
You knew the following spells:

 Your Spells              Type           Power      Damage    Failure   Level
a - Summon Small Mammal   Summ           68%        N/A       2%          1
b - Call Imp              Summ           17%        N/A       3%          2

Your spell library contained the following spells:

 Spells                   Type           Power      Damage    Failure   Level
 Call Canine Familiar     Summ           17%        N/A       8%          3
 Summon Guardian Golem    Hex/Summ       9%         N/A       22%         3
 Summon Lightning Spire   Summ/Air       9%         N/A       58%         4


Dungeon Overview and Level Annotations

Branches:
Dungeon (2/15)

Altars:

Shops:
D:2 (


Innate Abilities, Weirdness & Mutations

You are amphibious.
You cover ground slowly.
You can hop short distances.
You have an extended range of vision and can be seen from far away.


Message History

The adder poisons you!
Casting: Call Imp (safe; 3% risk of failure)
Confirm with . or Enter, or press ? or * to list all spells.
A beastly little devil appears in a puff of flame.
You feel sick. The adder barely misses you.
You feel sick. The adder bites you but does no damage.
Your crimson imp misses the adder.
You feel sick.
Your crimson imp barely misses the adder.
The adder bites you.
Casting: Call Imp (safe; 3% risk of failure)
Confirm with . or Enter, or press ? or * to list all spells.
You feel sick.
Your crimson imp hits the adder.
The adder barely misses you.
Your crimson imp hits the adder.
You feel sick.
You are no longer poisoned.
Your crimson imp barely misses the adder.
The adder closely misses you.
You swap places.
Your crimson imp misses the adder.
Your crimson imp closely misses the adder.
The adder bites your rat but does no damage.
Your rat misses the adder.
Your crimson imp barely misses the adder.
Reach: a) +0 trident
Press: ? - help, Dir - move target, f/p - adder
Aim: an adder (moderately wounded, ally target, about 68% to evade your +0 trident)
You could not reach far enough!
The adder bites your rat.
Your rat dies!
Your rat's corpse disappears in a puff of smoke!
Your crimson imp hits the adder.
Your crimson imp blinks!
You fade into invisibility!
The adder bites you.
* * * LOW HITPOINT WARNING * * *
You are lethally poisoned!
The adder poisons you!
Your crimson imp blinks!
You are very lightly contaminated with residual magic.
It was a potion of haste.
You feel yourself speed up.
You die...

#### ######...
###.
#@S..#.#......
#.##..5..#
#.####5#.# #.#
... #.# #### #.#
#######.#
#.......#
########.......#


You could see an adder (ally target) and 2 friendly crimson imps.

Vanquished Creatures
  A goblin (D:1)
1 creature vanquished.

Vanquished Creatures (collateral kills)
  A worm (D:2)
  A ball python (D:1)
  A hobgoblin (D:1)
  4 quokkas (D:1)
  4 kobolds (D:1)
  2 rats (D:1)
13 creatures vanquished.

Grand Total: 14 creatures vanquished

Notes
Turn   | Place    | Note
-------+----------+-------------------------------------------
     0 | D:1      | Fv001 the Barachi Summoner began the quest for the Orb.
     0 | D:1      | Reached XP level 1. HP: 13/13 MP: 3/3
   689 | D:1      | Found a faded altar of an unknown god.
   839 | D:1      | Reached skill level 5 in Summonings
   884 | D:1      | Reached XP level 2. HP: 15/19 MP: 0/5
   888 | D:1      | Learned a level 2 spell: Call Imp
  1723 | D:2      | Found Tiutid's Antique Weapon Emporium.
  1739 | D:2      | Succumbed to an adder's poison

Illustrated notes

Levels and vault maps discovered:
D:1:      dpeg_arrival_round_c, layout_basic, chequers_ecumenical_altar_simple
D:2:      layout_basic, serial_shops, nicolae_shop_crystal,
          minmay_misc_feat_nine_boxes, kennysheep_generic_room_4

Skill      XL: |  1 |
---------------+----+-----
Summonings     | 5 |  5.2
Dodging        | |  2.3
Stealth        | |  1.7
Spellcasting   | |  2.5

Action                   || total
-------------------------++-------
Melee: Unarmed           ||    16
       Trident           ||     1
 Cast: Summon Small Mamm ||    31
       Call Imp          ||     7
  Use: Scroll            ||     2
       Potion            ||     2
 Stab: Sleeping          ||     1
Armor: Robe              ||     3
Dodge: Dodged            ||    12
